 Dungeon Crawl Stone Soup version 0.29.1 (webtiles) character file.

Game seed: 10586367534907764537

2530 ILmort the Party-goer (level 9, -5/70 HPs)
             Began as a Demonspawn Fighter on Sept 14, 2022.
             Was a Priest of Uskayaw.
             Slain by a seven-headed hydra (9 damage)
             ... on level 7 of the Dungeon.
             The game lasted 00:13:34 (7520 turns).

ILmort the Party-goer (Demonspawn Fighter)          Turns: 7520, Time: 00:13:35

Health: -5/70      AC: 10    Str: 17    XL:     9   Next: 29%
Magic:  15/15      EV: 10    Int: 10    God:    Uskayaw [***...]
Gold:   521        SH:  0    Dex: 16    Spells: 8/8 levels left

rFire   . . .      SeeInvis +   n - +2 short sword (flame)
rCold   . . .      Faith    .   (no shield)
rNeg    . . .      Spirit   .   b - +0 scale mail
rPois   .          Reflect  .   D - +0 helmet
rElec   .          Harm     .   (no cloak)
rCorr   .          Rampage  .   (no gloves)
Will    .....                   K - +0 pair of boots
Stlth   ..........              M - amulet of the acrobat
HPRegen 0.21/turn               y - +4 ring of slaying
MPRegen 0.14/turn               O - ring of see invisible

@: no status effects
A: sharp scales 2, demonic magic 1, demonic touch 2
a: Renounce Religion, Stomp, Line Pass


You were on level 7 of the Dungeon.
You worshipped Uskayaw.
Uskayaw was aware of your devotion.
You visited 2 branches of the dungeon, and saw 9 of its levels.

You collected 521 gold pieces.

Inventory:

Hand Weapons
 a - a +0 rapier
 n - a +2 short sword of flaming (weapon)
Armour
 b - a +0 scale mail (worn)
 c - a +0 buckler
 D - a +0 helmet (worn)
 K - a +0 pair of boots (worn)
Jewellery
 f - an amulet of magic regeneration
 h - a ring of flight
 y - a +4 ring of slaying (left hand)
 M - an amulet of the acrobat (around neck)
 O - a ring of see invisible (right hand)
Wands
 o - a wand of roots (9)
 u - a wand of flame (17)
 E - a wand of polymorph (5)
 P - a wand of paralysis (14)
 Q - a wand of digging (3)
Scrolls
 g - 2 scrolls of fear
 i - 2 scrolls of enchant armour {unknown}
 j - a scroll of fog
 m - a scroll of torment
 p - 4 scrolls of teleportation {unknown}
 q - a scroll of amnesia
 t - a scroll of enchant weapon
 w - a scroll of magic mapping {unknown}
 z - 3 scrolls of blinking {unknown}
 A - a scroll of immolation {unknown}
 B - a scroll of silence {unknown}
 I - 2 scrolls of noise {unknown}
 L - a scroll of poison {unknown}
 N - a scroll of identify
Potions
 d - 2 potions of might
 e - 2 potions of attraction {unknown}
 k - 5 potions of mutation
 l - a potion of ambrosia {unknown}
 r - 4 potions of curing
 s - a potion of degeneration {unknown}
 v - a potion of invisibility {unknown}
 x - 4 potions of heal wounds
 C - a potion of berserk rage {unknown}
 F - 3 potions of haste {unknown}
 G - a potion of flight {unknown}
 H - 2 potions of cancellation {unknown}
 J - a potion of brilliance {unknown}


   Skills:
 + Level 6.3 Fighting
 * Level 7.6 Short Blades
 - Level 2.6 Armour
 + Level 3.0 Dodging
 - Level 4.0 Shields
 * Level 8.0 Invocations


You had 8 spell levels left.
You didn't know any spells.
Your spell library contained the following spells:

 Spells                   Type           Power      Damage    Failure   Level
 Sting                    Tmut/Pois      0%         1d3       77%         1
 Ensorcelled Hibernation  Hex/Ice        0%         N/A       88%         2
 Passwall                 Tmut/Erth      0%         N/A       88%         2
 Poisonous Vapours        Pois/Air       0%         N/A       88%         2
 Swiftness                Air            0%         N/A       98%         3
 Animate Dead             Necr           0%         N/A       100%        4
 Olgreb's Toxic Radiance  Pois           0%         N/A       100%        4
 Haunt                    Necr/Summ      0%         N/A       100%        7
 Infestation              Necr           0%         N/A       100%        8


Dungeon Overview and Level Annotations

Branches:
Dungeon (8/15)             Temple (1/1) D:5
   Lair: D:8-11

Altars:
Fedhas
Kikubaaqudgha
Makhleb
Nemelex Xobeh
Okawaru
Uskayaw

Shops:
D:7 [


Innate Abilities, Weirdness & Mutations

You are mostly covered in razor-sharp scales. (AC +2, Slay +2)
Spells you cast may paralyse adjacent enemies.
Your touch may inflict irresistible damage on your foes.


Message History

You are too injured to fight recklessly!
You are too injured to fight recklessly!
You are too injured to fight recklessly!
You are too injured to fight recklessly!
A seven-headed hydra comes into view.
You are engulfed in a cloud of scalding steam.
The seven-headed hydra roars!
The steam dragon barely misses you.
The steam dragon claws you but does no damage.
The two-headed ogre completely misses you.
The two-headed ogre misses you.
You see here a +0 spear.
You hit the steam dragon. You burn the steam dragon.
You are engulfed in a cloud of scalding steam.
The steam dragon barely misses you. x2
A troll comes into view.
The gnoll barely misses you.
You hit the steam dragon. You burn the steam dragon.
You are engulfed in a cloud of scalding steam.
The two-headed ogre barely misses you.
The two-headed ogre hits you with a +0 giant club!!
The gnoll completely misses you. The steam dragon bites you.
* * * LOW HITPOINT WARNING * * *
The steam dragon claws you but does no damage.
Uskayaw will force your foes to helplessly watch your dance.
Uskayaw prepares the audience for your solo!
The helpless two-headed ogre fails to defend itself.
You puncture the two-headed ogre! You burn the two-headed ogre.
You touch the two-headed ogre!
The troll is no longer paralysed.
The two-headed ogre is no longer paralysed.
The helpless steam dragon fails to defend itself.
You impale the steam dragon!! You burn the steam dragon.
You kill the steam dragon!
The gnoll is no longer paralysed.
The two-headed ogre hits you with a +0 giant club!
* * * LOW HITPOINT WARNING * * *
The two-headed ogre hits you with a +0 giant club!
* * * LOW HITPOINT WARNING * * *
The seven-headed hydra bites you!
You die...

.#..#...#†.#.##...##.#.###.#.....
.#.........#...#.#...#.....#.....
.'.#.....#.'#..#.#..#'.##.####'##
.#.........#...###...#..#.'......
.#..#...#..#.##...##.#..#.#.#...#
.#....#....#.##...##.#.##.#.#._.#
.#.........#....#....#....#.#...#
.#####'#########†#####..#.'......
.# #.# #@# #..#.####+## .# # #
#..D.O..##....# #..###g8..#. ...
## o..## ##..' .##. . # ##


You could see a seven-headed hydra, a two-headed ogre, an orc warrior
(paralysed) and a gnoll (paralysed).

Vanquished Creatures
  A cyclops (D:7)
  Sigmund (D:6)
  A wyvern (D:7)
  2 steam dragons (D:7)
  3 water moccasins
  2 orc warriors
  2 ice beasts
  A black bear (D:7)
  A centaur (D:6)
  A phantom (D:7)
  A kobold brigand (D:7)
  A bullfrog (D:7)
  A necrophage (D:7)
  A scorpion (D:6)
  3 hounds
  An orc priest (D:6)
  A jelly (D:7)
  4 iguanas
  2 orc wizards
  Robin (D:4)
  4 gnolls (D:7)
  9 adders
  A shadow imp (D:7)
  An ufetubus (D:7)
  6 worms
  5 dart slugs
  5 orcs
  7 ball pythons
  6 bats
  3 endoplasms
  A giant cockroach (D:1)
  14 goblins
  12 hobgoblins
  5 quokkas
  2 frilled lizards
  5 kobolds
  7 rats
124 creatures vanquished.

Vanquished Creatures (others)
  A bush (D:8)
  4 fungi (D:8)
  18 plants
23 creatures vanquished.

Grand Total: 147 creatures vanquished

Notes
Turn   | Place    | Note
-------+----------+-------------------------------------------
     0 | D:1      | ILmort the Demonspawn Fighter began the quest for the Orb.
     0 | D:1      | Reached XP level 1. HP: 18/18 MP: 1/1
   123 | D:1      | Gained mutation: You are partially covered in razor-sharp
                  | scales. (AC +1, Slay +1) [demonic ancestry]
   123 | D:1      | Reached XP level 2. HP: 12/24 MP: 2/2
   858 | D:1      | Gained mutation: You are mostly covered in razor-sharp
                  | scales. (AC +2, Slay +2) [demonic ancestry]
   858 | D:1      | Reached XP level 3. HP: 29/29 MP: 3/3
  1847 | D:3      | Gained mutation: Spells you cast may paralyse adjacent
                  | enemies. [demonic ancestry]
  1847 | D:3      | Reached XP level 4. HP: 35/35 MP: 4/4
  3107 | D:4      | Noticed Robin
  3128 | D:4      | Reached XP level 5. HP: 41/42 MP: 5/5
  3137 | D:4      | Killed Robin
  3478 | D:5      | Entered Level 5 of the Dungeon
  3480 | D:5      | Noticed an ice beast
  3490 | D:5      | Killed an ice beast
  3499 | D:5      | Gained mutation: Your touch may inflict minor irresistible
                  | damage on your foes. [demonic ancestry]
  3499 | D:5      | Reached XP level 6. HP: 41/48 MP: 6/6
  3816 | D:5      | Noticed a water moccasin
  3824 | D:5      | Killed a water moccasin
  3976 | D:5      | Found a staircase to the Ecumenical Temple.
  4015 | Temple   | Entered the Ecumenical Temple
  4021 | Temple   | Became a worshipper of Uskayaw the Reveller
  4259 | D:6      | Reached * piety under Uskayaw
  4396 | D:6      | Noticed Sigmund
  4419 | D:6      | Killed Sigmund
  4419 | D:6      | Reached ** piety under Uskayaw
  4420 | D:6      | Reached skill level 5 in Short Blades
  4420 | D:6      | Reached skill level 2 in Invocations
  4420 | D:6      | Reached XP level 7. HP: 22/55 MP: 6/8
  4834 | D:6      | Reached skill level 3 in Invocations
  4866 | D:6      | Reached skill level 5 in Fighting
  5132 | D:6      | Reached skill level 4 in Invocations
  5135 | D:6      | Reached *** piety under Uskayaw
  5137 | D:6      | Reached **** piety under Uskayaw
  5886 | D:7      | Found an ancient bone altar of Kikubaaqudgha.
  6020 | D:7      | Noticed a wyvern
  6091 | D:7      | Reached XP level 8. HP: 57/62 MP: 11/11
  6163 | D:7      | Reached skill level 5 in Invocations
  6166 | D:7      | Reached skill level 1 in Dodging
  6254 | D:7      | Reached skill level 6 in Invocations
  6514 | D:7      | Found Hiobib's Antique Armour Shoppe.
  7109 | D:7      | Noticed a cyclops
  7137 | D:8      | Reached skill level 7 in Invocations
  7146 | D:7      | Gained mutation: Your touch may inflict irresistible damage
                  | on your foes. [demonic ancestry]
  7146 | D:7      | Reached XP level 9. HP: 46/69 MP: 14/14
  7207 | D:7      | Killed a cyclops
  7470 | D:7      | Reached skill level 8 in Invocations
  7513 | D:7      | Noticed a two-headed ogre
  7516 | D:7      | Noticed a seven-headed hydra
  7517 | D:7      | Noticed a troll
  7520 | D:7      | Slain by a seven-headed hydra

Illustrated notes

Levels and vault maps discovered:
D:1:      lemuel_arrival_lava_pool, layout_basic, serial_rivers,
          chequers_serial_rivers_small_3, chequers_serial_rivers_room_a,
          chequers_serial_rivers_micro_c, chequers_serial_rivers_room_a,
          chequers_serial_rivers_micro_a
D:2:      layout_basic
D:3:      layout_basic
D:4:      layout_loops_corners, uniq_robin
D:5:      layout_basic, minmay_temple_entry_junction_2, kennysheep_small_spiral,
          nicolae_wormholes
D:6:      layout_gridville, uniq_sigmund
D:7:      layout_basic, mainiacjoe_overflow_six_doors_small, serial_shops,
          nicolae_shop_overgrown_old_shop, minmay_the_grid_2x2
          [minmay_the_grid_pillar_ring, minmay_the_grid_square_x,
          minmay_the_grid_tiny_cups, minmay_the_grid_prize_four_corners]
D:8:      layout_cave_pools, mainiacjoe_overflow_24_doors,
          overflow_temple_1_default, minmay_lair_entry_grove,
          nicolae_figureground_pulse
Temple:   nicolae_temple_bog_church

Skill      XL: |  1  2  3  4  5  6  7  8  9 |
---------------+----------------------------+-----
Short Blades   | 2 3 4 5 6 7 |  7.6
Shields        | 3 4 |  4.0
Fighting       | 4 5 6 |  6.3
Invocations    | 2 4 7 8 |  8.0
Dodging        | 2 3 |  3.0
Armour         | |  2.6

Action                   |  1- 3 |  4- 6 |  7- 9 || total
-------------------------+-------+-------+-------++-------
Melee: Rapier            |    89 |       |       ||    89
       Short sword       |    44 |   109 |   115 ||   268
       Touch             |       |     3 |    26 ||    29
       Punch             |       |       |     2 ||     2
  Use: Scroll            |       |     6 |       ||     6
       Potion            |       |     1 |     2 ||     3
 Stab: Paralysed         |       |       |     6 ||     6
Armor: Scale mail        |    71 |    36 |    35 ||   142
       Skin              |       |     3 |       ||     3
Dodge: Dodged            |    52 |    22 |    58 ||   132
Block: Buckler           |    39 |    12 |       ||    51
